AoeStats
← [JaMx] K@l-El

Oasis

509469106Analyzed
4v4 RM · 6d ago on Sep 26, 2026· 42m 59s· 8 players
Game mode
Random Map
Map size
Large (8 player)
Population
200
Speed
Normal
Resources
Standard
Victory
Conquest
Starting age
Dark Age
Ending age
Imperial Age
RankedLock teamsTeams togetherTeam positionsShared explorationLock speedFull tech treeHidden civsTurbo modeCheats
Victory
Defeat
🇲🇽 Magyars · Mexico
1415
+11
🇺🇸 Spanish · United States
1339
+14
🇲🇽 Bohemians · Mexico
1328
+16
🇲🇽 Georgians · Mexico
1319
+15
🇹🇷 Khmer · Türkiye
1320
-15
🇹🇷 Hindustanis · Türkiye
1317
-14
🇮🇳 Italians · India
1298
-14
🇹🇷 Britons · Türkiye
1276
-13
TheDangerous
9:40 Feudal Age
10:39 Double-Bit Axe
11:25 Loom
13:25 Horse Collar
21:33 Fletching
26:51 Castle Age
25:39 Gold Mining
27:01 Scale Mail Armor
27:15 Crossbowman
29:20 Padded Archer Armor
41:45 Thumb Ring
TİNER
6:27 Loom
8:56 Feudal Age
15:38 Fletching
19:14 Double-Bit Axe
24:32 Castle Age
23:00 Horse Collar
23:33 Stone Mining
24:41 Gold Mining
24:36 Crossbowman
27:27 Bodkin Arrow
28:19 Padded Archer Armor
28:39 Heavy Plow
34:42 Wheelbarrow
34:40 Ballistics
35:46 Bow Saw
36:21 Hand Cart
42:06 Imperial Age
39:49 Town Watch
Hakan
10:55 Feudal Age
14:02 Castle Age
12:23 Double-Bit Axe
13:19 Horse Collar
14:03 Bloodlines
18:47 Scale Barding Armor
19:44 Loom
23:05 Husbandry
25:19 Wheelbarrow
25:58 Forging
26:03 Fletching
31:40 Hand Cart
38:26 Chain Barding Armor
41:47 Imperial Age
39:03 Town Watch
39:22 Gold Mining
40:23 Bodkin Arrow
41:13 Bow Saw
41:04 Heavy Plow
41:50 Elite Battle Elephant
42:42 Padded Archer Armor
Adebisi
3:48 Loom
10:07 Feudal Age
11:54 Wheelbarrow
12:00 Double-Bit Axe
12:27 Horse Collar
13:55 Bloodlines
21:46 Castle Age
19:42 Gold Mining
20:01 Scale Barding Armor
23:31 Bow Saw
23:39 Fervor
23:40 Stone Mining
25:11 Hand Cart
26:26 Heavy Plow
27:01 Chain Barding Armor
26:52 Forging
26:51 Husbandry
28:04 Hand Cart
30:20 Fletching
31:07 Iron Casting
31:06 Bodkin Arrow
32:02 Town Watch
32:29 Light Cavalry
33:49 Squires
33:51 Scale Mail Armor
34:53 Grand Trunk Road
39:40 Imperial Age
37:55 Chain Mail Armor
38:32 Gold Shaft Mining
40:03 Ballistics
39:53 Masonry
39:41 Heavy Camel Rider
40:43 Conscription
41:21 Imperial Camel Rider
43:12 Two-Man Saw
[JaMx] K@l-El
5:58 Loom
8:53 Feudal Age
9:26 Double-Bit Axe
18:38 Wheelbarrow
20:49 Castle Age
18:55 Horse Collar
19:09 Gold Mining
20:00 Bloodlines
20:21 Scale Barding Armor
22:55 Bow Saw
24:07 Chain Barding Armor
24:46 Husbandry
37:12 Imperial Age
35:39 Gold Shaft Mining
36:36 Heavy Plow
37:12 Cavalier
38:34 Hand Cart
39:29 Plate Barding Armor
42:17 Crop Rotation
42:31 Paladin
Ananda
6:14 Loom
9:01 Feudal Age
9:31 Double-Bit Axe
9:35 Horse Collar
19:00 Castle Age
17:18 Gold Mining
17:49 Forging
18:21 Bloodlines
19:01 Scale Barding Armor
25:12 Iron Casting
30:51 Chain Barding Armor
32:13 Wheelbarrow
32:34 Bow Saw
33:17 Hand Cart
35:15 Husbandry
38:14 Imperial Age
36:36 Svan Towers
36:23 Fletching
37:27 Stone Mining
39:21 Ballistics
38:42 Treadmill Crane
38:34 Cavalier
40:48 Conscription
40:45 Guard Tower
43:01 Keep
42:12 Arrowslits
[JaMx] McLovin
6:46 Loom
9:38 Feudal Age
10:24 Double-Bit Axe
13:47 Fletching
18:39 Padded Archer Armor
23:32 Castle Age
23:33 Crossbowman
24:11 Bodkin Arrow
25:14 Wheelbarrow
25:53 Chemistry
25:40 Ballistics
26:04 Leather Archer Armor
30:19 Hand Cart
36:38 Imperial Age
37:21 Bracer
36:51 Arbalester
38:41 Bow Saw
40:44 Town Watch
42:42 Ring Archer Armor
Gush
6:43 Loom
9:27 Feudal Age
10:46 Double-Bit Axe
13:07 Horse Collar
18:10 Wheelbarrow
18:12 Fletching
18:40 Padded Archer Armor
21:46 Castle Age
20:18 Padded Archer Armor
22:55 Bow Saw
22:45 Heavy Plow
23:31 Leather Archer Armor
23:28 Gold Mining
23:28 Stone Mining
29:44 Town Watch
34:26 Imperial Age
33:01 Hand Cart
33:14 Bodkin Arrow
35:34 Conscription
36:28 Ring Archer Armor
37:02 Chemistry
36:59 Bloodlines
36:50 Husbandry
37:29 Elite Conquistador
41:48 Bracer
Connection lost

Rejoining the realm…

Still unreachable

The connection could not be restored.

Session expired

The server has moved on; the page needs a fresh start.